 Dungeon Crawl Stone Soup version 0.31.0-11-ge490571c62 (webtiles) character file.

Game seed: 14628611830839903271

19 stipulation the Grave Robber (level 2, -3/13 HPs)
             Began as a Vine Stalker Necromancer on Jan 28, 2024.
             Slain by a gnoll
             ... wielding a +0 flail
              (7 damage)
             ... on level 1 of the Dungeon.
             The game lasted 00:00:52 (899 turns).

stipulation the Grave Robber (VSNe)                  Turns: 899, Time: 00:00:53

Health: -3/13      AC:  2    Str: 10    XL:     2   Next: 75%
Magic:  0/6        EV: 12    Int: 15    God:
Gold:   67         SH:  0    Dex: 14    Spells: 5/6 levels left

rFire   . . .        (no weapon)
rCold   . . .        (no shield)
rNeg    . . .        a - +0 robe
rPois   .            (no helmet)
rElec   .            (no cloak)
rCorr   .            (no gloves)
SInv    .            (no boots)
Will    .....        (no amulet)
Stlth   ++           (no ring)
HPRegen 1.02/turn    (no ring)
MPRegen 0.10/turn

%: guardian spirit
@: no status effects
A: fangs 2, regeneration 1, magic shield, antimagic bite, no potion heal 2
a: no special abilities


You were on level 1 of the Dungeon.
You visited 1 branch of the dungeon, and saw 2 of its levels.

You collected 67 gold pieces.

Inventory:

Armour
 a - a +0 robe (worn)
Scrolls
 c - a scroll of vulnerability {unknown}
 d - 4 scrolls of teleportation {unknown}
 f - a scroll of amnesia {unknown}
 g - a scroll of immolation {unknown}
Potions
 b - a potion of magic
 e - a potion of cancellation {unknown}


   Skills:
 - Level 1.5 Dodging
 - Level 2.4 Stealth
 + Level 2.8 Spellcasting
 + Level 4.4 Necromancy


You had 5 spell levels left.
You knew the following spells:

 Your Spells              Type           Power      Damage    Failure   Level
a - Necrotise             Necr           60%        1d7       3%          1

Your spell library contained the following spells:

 Spells                   Type           Power      Damage    Failure   Level
 Vampiric Draining        Necr           15%        2d7       10%         3
 Slow                     Hex            8%         N/A       21%         1
 Animate Dead             Necr           15%        N/A       32%         4
 Call Canine Familiar     Summ           2%         N/A       52%         3
 Confusing Touch          Hex            2%         N/A       52%         3
 Hailstorm                Conj/Ice       2%         3d5       52%         3
 Sigil of Binding         Hex            2%         N/A       52%         3
 Summon Ice Beast         Ice/Summ       2%         N/A       52%         3
 Curse of Agony           Necr           15%        N/A       67%         5
 Cause Fear               Hex            1%         N/A       90%         4
 Dimensional Bullseye     Hex/Tloc       1%         N/A       90%         4
 Fireball                 Conj/Fire      1%         3d3       99%         5
 Summon Forest            Summ/Tloc      1%         N/A       99%         5
 Summon Mana Viper        Hex/Summ       2%         N/A       99%         5
 Sculpt Simulacrum        Ice/Alch       1%         N/A       100%        6
 Summon Cactus Giant      Summ           1%         N/A       100%        6
 Dragon's Call            Summ           1%         N/A       100%        9


Dungeon Overview and Level Annotations

Branches:
Dungeon (2/15)

Altars:


Innate Abilities, Weirdness & Mutations

You have extremely sharp teeth.
Your natural rate of healing is unusually fast.
When hurt, damage is shared between your health and your magic reserves.
Your bite disrupts and absorbs the magic of your enemies.
Potions cannot restore your health.


Message History

You can't see any susceptible monsters within range! (Use Z to cast anyway.)
You can't see any susceptible monsters within range! (Use Z to cast anyway.)
You can't see any susceptible monsters within range! (Use Z to cast anyway.)
You see here a staff of earth.
Your magical contamination has completely faded away.
You now have 67 gold pieces (gained 15).
g - a scroll labelled TUSEQI WOUPEST Your frilled lizard skeleton crumbles into dust!
Done exploring.
Done exploring.
Done exploring.
Done exploring.
Things that are here:
a +0 hand axe; a hobgoblin skeleton
There is a stone staircase leading down here.
Search for what [? for help]? .
You climb downwards.
There is a stone staircase leading up here.
The gnoll barely resists.
The gnoll shouts!
The gnoll writhes in agony.
The gnoll shouts!
The gnoll throws a throwing net.
The throwing net barely misses you.
The gnoll writhes in agony.
The gnoll hits you with a +0 flail!
Ouch! That really hurt!
* * * LOW HITPOINT WARNING * * *
You climb upwards.
There is a stone staircase leading down here.
Casting: Necrotise (safe; 3% risk of failure)
Confirm with . or Enter, or press ? or * to list all spells.
You don't know that spell.
Casting: Necrotise (safe; 3% risk of failure)
Confirm with . or Enter, or press ? or * to list all spells.
Aiming: Necrotise (safe; 3% risk of failure)
Press: ? - help, Shift-Dir - straight line, f - gnoll
Aim: a gnoll, wielding a +0 flail (moderately wounded, chance to affect: 79%)
The gnoll writhes in agony.
The gnoll hits you with a +0 flail!
Ouch! That really hurt!
You die...

####....#.#..
#....).#.#.#.
###.##.........
####...###...#####
#.......##...#
#.#.###.########
##...###........#
#......).......(#
#.@.....#.......##
#.g.....#........#
#.......#........#
#.......#........#
#.......#........#
#.......#........#
##...####........#
###.........#..##.##
#........##.#.....##


You could see a gnoll.

Vanquished Creatures
  3 endoplasms (D:1)
  A giant cockroach (D:1)
  2 hobgoblins (D:1)
  2 jackals (D:1)
  A ball python (D:1)
  3 frilled lizards (D:1)
  2 kobolds (D:1)
  2 rats (D:1)
16 creatures vanquished.

Vanquished Creatures (collateral kills)
  A goblin (D:1)
  A hobgoblin (D:1)
2 creatures vanquished.

Grand Total: 18 creatures vanquished

Notes
Turn   | Place    | Note
-------+----------+-------------------------------------------
     0 | D:1      | stipulation the Vine Stalker Necromancer began the quest
                  | for the Orb.
     0 | D:1      | Reached XP level 1. HP: 9/9 MP: 4/4
   170 | D:1      | Reached XP level 2. HP: 13/13 MP: 1/6
   602 | D:1      | Found a faded altar of an unknown god.
   899 | D:1      | Slain by a gnoll

Illustrated notes

Levels and vault maps discovered:
D:1:      dpeg_arrival_arbitrary_b, layout_basic,
          shapermc_ecumenical_altar_mp_vishouse, minmay_misc_feat_room,
          minmay_tiny_reverse_x
D:2:      layout_basic, uniq_robin

Action                     || total
---------------------------++-------
  Melee: Unarmed           ||    13
         Bite              ||     4
   Cast: Necrotise         ||    38
 Armour: Robe              ||    13
  Dodge: Dodged            ||    17
